 Dungeon Crawl Stone Soup version 0.25-a0-2-g6559c6c67a (webtiles) character file.

Game seed: 14607211350332768680, levelgen mode: deterministic

30044 Flugkiller the Fighter (level 13, 0/98 HPs)
             Began as an Octopode Assassin on Oct 14, 2019.
             Was a High Priest of Makhleb.
             Slain by a catoblepas (33 damage)
             ... on level 5 of the Lair of Beasts.
             The game lasted 00:28:57 (22020 turns).

Flugkiller the Fighter (Octopode Assassin)         Turns: 22020, Time: 00:28:58

Health: 0/98       AC:  5    Str: 10    XL:     13   Next: 49%
Magic:  0/16       EV: 20    Int: 15    God:    Makhleb [*****.]
Gold:   982        SH: 11    Dex: 17    Spells: 12/12 levels left

rFire    + + .     SeeInvis +   s - +12 long sword of Junoygock {elec, rF+ SInv}
rCold    . . .     Gourm    .   a - +0 shield
rNeg     . . .     Faith    .   (helmet restricted)
rPois    .         Spirit   +   T - amulet of guardian spirit
rElec    .         Reflect  .   o - +1 ring of protection
rCorr    +         Harm     .   l - +3 ring of protection
MR       .....                  H - ring of protection from fire
Stlth    ++++......             O - ring of resist corrosion
HPRegen  0.26/turn              (no ring)
MPRegen  0.15/turn              (no ring)
                                (no ring)
                                (no ring)

@: no status effects
A: almost no armour, stealthy swim, amphibious, 8 rings, constrict 8, camouflage
1, gelatinous body 1
a: Minor Destruction, Lesser Servant of Makhleb, Major Destruction, Greater
Servant of Makhleb, Renounce Religion


You were on level 5 of the Lair of Beasts.
You worshipped Makhleb.
Makhleb was extremely pleased with you.
You were not hungry.

You visited 3 branches of the dungeon, and saw 17 of its levels.

You collected 982 gold pieces.

Inventory:

Hand Weapons
 s - the +12 long sword of Junoygock (weapon) {elec, rF+ SInv}
   (You found it on level 3 of the Lair of Beasts)

   Occasionally, upon striking a foe, it will discharge some electrical energy
   and cause terrible harm.
   It protects you from fire.
   It lets you see invisible.
 v - a +4 short sword of electrocution
   (You took it off a kobold on level 3 of the Dungeon)
 L - a +1 whip of electrocution
   (You took it off an orc on level 6 of the Dungeon)
 R - the cursed +2 quarterstaff of Voginyj {crush, rPois MR- Str+7, unknown}
   (You found it on level 4 of the Lair of Beasts)

   It inflicts extra damage upon your enemies.
   It affects your strength (+7).
   It protects you from poison.
   It affects your resistance to hostile enchantments.
   It has a curse placed upon it.
Missiles
 b - 17 poisoned darts
 c - 8 curare-tipped darts (quivered)
 h - 10 datura-tipped darts
 y - 8 atropa-tipped darts
 K - 4 silver javelins
Armour
 a - a +0 shield (worn)
   (You found it on level 8 of the Dungeon)
Jewellery
 l - a +3 ring of protection (right tentacle)
   (You found it on level 5 of the Dungeon)
 o - a +1 ring of protection (left tentacle)
   (You found it on level 3 of the Dungeon)
 H - a ring of protection from fire (on tentacle)
   (You found it on level 6 of the Dungeon)
 O - a ring of resist corrosion (on tentacle)
   (You found it on level 1 of the Lair of Beasts)
 Q - an uncursed ring of ice
   (You found it on level 1 of the Lair of Beasts)
 T - an amulet of guardian spirit (around mantle)
   (You found it on level 4 of the Lair of Beasts)
Wands
 f - a wand of paralysis (27)
   (You found it on level 4 of the Dungeon)
 r - a wand of iceblast (16)
   (You found it on level 3 of the Dungeon)
 w - a wand of disintegration (15)
   (You found it on level 4 of the Dungeon)
 E - a wand of digging (20)
   (You took it off Duvessa on level 6 of the Dungeon)
 J - a wand of enslavement (10)
   (You took it off Pikel on level 6 of the Dungeon)
 P - a wand of scattershot (6)
   (You found it on level 1 of the Lair of Beasts)
Scrolls
 j - 3 scrolls of teleportation
 k - a scroll of fog {unknown}
 n - a scroll of immolation
 p - 3 scrolls of enchant armour
 q - 5 scrolls of remove curse
 t - a scroll of vulnerability {unknown}
 x - a scroll of fear
 A - a scroll of silence {unknown}
 C - 2 scrolls of blinking
 M - a scroll of summoning {unknown}
 N - 2 scrolls of magic mapping
 S - a scroll of holy word {unknown}
Potions
 e - 3 potions of flight
 g - 3 potions of resistance
 i - 2 potions of heal wounds
 m - 4 potions of curing
 u - a potion of haste
 z - 2 potions of cancellation
 B - 2 potions of might
 F - 3 potions of brilliance
 G - 3 potions of berserk rage
 I - 2 potions of ambrosia
Comestibles
 d - 30 rations
 D - 4 chunks of flesh


   Skills:
 - Level 12.4 Fighting
 - Level 2.0 Short Blades
 - Level 2.0 Throwing
 + Level 10.9 Dodging
 - Level 5.3 Stealth
 - Level 9.0 Shields
 + Level 11.6 Unarmed Combat
 - Level 5.0 Invocations
 - Level 5.0 Evocations


You had 12 spell levels left.
You didn't know any spells.
Your spell library contained the following spells:

 Spells                   Type           Power        Failure   Level  Hunger
 Apportation              Tloc           #.....       50%         1    ##.....
 Sting                    Conj/Pois      #...         50%         1    ##.....
 Summon Butterflies       Summ           #.......     50%         1    ##.....
 Poisonous Vapours        Pois/Air       #.....       65%         2    ###....
 Lesser Beckoning         Tloc           #.........   86%         3    ####...
 Mephitic Cloud           Conj/Pois/Air  #.......     86%         3    ####...
 Tukima's Dance           Hex            #.......     86%         3    ####...
 Olgreb's Toxic Radiance  Pois           #.......     99%         4    #####..
 Alistair's Intoxication  Tmut/Pois      #.......     100%        5    ######.
 Venom Bolt               Conj/Pois      #.........   100%        5    ######.
 Invisibility             Hex            #.......     100%        6    #######


Dungeon Overview and Level Annotations

Branches:
Dungeon (11/15)            Temple (1/1) D:5            Lair (5/6) D:9
 Shoals (0/4) Lair:4        Snake (0/4) Lair:2
  Slime: Lair:5-6       Orc: D:9-12

Altars:
Ashenzari
Cheibriados
Dithmenos
Elyvilon
Fedhas
Gozag
Hepliaklqana
Kikubaaqudgha
Makhleb
Nemelex Xobeh
Okawaru
Qazlal
Ru
Sif Muna
Trog
Uskayaw
Vehumet
Wu Jian
Xom
Yredelemnul
Zin
The Shining One

Shops:
D:9 *

Annotations:
D:3 3 runed translucent doors, Sigmund; flestrin's ghost, amateur FoFi
D:7 exclusions: bullfrog and 5 killer bees


Innate Abilities, Weirdness & Mutations

You cannot wear most types of armour.
You are very stealthy in the water. (Stealth+)
You are amphibious.
You can wear up to eight rings at the same time.
You can use your tentacles to constrict eight enemies at once.
Your skin changes colour to match your surroundings (Stealth+).
Your rubbery body absorbs attacks. (AC +1, EV +1)


Message History

You squeeze the catoblepas, but do no damage.
The catoblepas is moderately wounded.
The catoblepas breathes a plume of calcifying dust at you.
The blast of calcifying dust hits you.
* * * LOW HITPOINT WARNING * * *
The catoblepas barely misses you.
You riposte.
You hit the catoblepas.
Lightning courses through the catoblepas!
The catoblepas is heavily wounded.
You slash the catoblepas!
The catoblepas is severely wounded.
You are engulfed in calcifying dust.
The catoblepas gores you but does no damage.
Unknown command.
The plant is engulfed in calcifying dust.
The plant turns to stone!
The catoblepas breathes a plume of calcifying dust at you.
The blast of calcifying dust hits you but does no damage.
The plant is engulfed in calcifying dust.
Unknown command.
You hit the catoblepas but do no damage.
You squeeze the catoblepas, but do no damage.
The catoblepas is severely wounded.
The plant is engulfed in calcifying dust.
You block the catoblepas's attack.
Unknown command.
You hit the catoblepas but do no damage.
You tentacle-slap the catoblepas. Your squeeze misses the catoblepas.
The catoblepas is severely wounded.
The plant is engulfed in calcifying dust.
The catoblepas closely misses you. You block the catoblepas's attack.
Unknown command.
You hit the catoblepas but do no damage.
The catoblepas is severely wounded.
The catoblepas gores you!!
* * * LOW HITPOINT WARNING * * *
You feel much better.
The catoblepas breathes a plume of calcifying dust at you.
The blast of calcifying dust hits you.
* * * LOW HITPOINT WARNING * * *
Unknown command.
Unknown command.
You hit the catoblepas but do no damage.
The catoblepas is severely wounded.
The catoblepas gores you!
* * * LOW HITPOINT WARNING * * *
You hit the catoblepas.
The catoblepas is almost dead.
The plant is no longer petrified.
The catoblepas completely misses you. The catoblepas gores you!!!
You die...

#.. ##.... ......
..... #(..#. .#..
#...### ...# ##..+#.##
.>.# ##....§@.# #P.##
####P....§Y##
.P+.###.###.......#
....##..##P......##
..................#
.....###..#........#
.....##.#.+..........
.P+##.##.##.......##.#
#+ ...# #### #.P+.####
## ##..


You could see a catoblepas.

Vanquished Creatures
  Fannar (Lair:2)
  7 death yaks
  Sonja (D:10)
  Pikel (D:6)
  Joseph (D:7)
  11 spiny frogs
  2 rime drakes
  A komodo dragon (Lair:1)
  A troll (D:11)
  Grinder (D:6)
  8 blink frogs
  4 slime creatures
  5 hippogriffs
  A wraith (D:10)
  46 yaks
  4 hogs (D:7)
  A shadow (D:11)
  A human (D:7)
  2 basilisks
  6 water moccasins
  Duvessa (D:6)
  2 ice beasts
  6 porcupines
  2 orc warriors
  4 slaves
  A black bear (D:7)
  5 sky beasts
  8 wolves
  3 ogres
  3 phantoms
  4 centaurs
  A necrophage (D:10)
  11 crocodiles
  13 bullfrogs
  2 big kobolds
  Dowan (D:6)
  2 scorpions
  4 howler monkeys (D:7)
  8 wights
  4 crimson imps
  A centaur zombie (D:8)
  A bullfrog zombie (D:11)
  A bullfrog skeleton (D:5)
  A hound (D:5)
  2 orc priests
  3 gnoll shamans
  3 orc wizards
  2 iguanas
  3 worker ants
  Natasha (thrice) (D:4)
  5 hell rats (Lair:4)
  A killer bee zombie (D:9)
  2 hound zombies
  16 adders
  13 gnolls
  2 river rats (D:9)
  8 shadow imps
  An ooze (D:1)
  2 adder skeletons (D:4)
  2 worms (D:2)
  2 dart slugs (D:1)
  3 leopard geckos
  29 orcs
  A ball python (D:2)
  9 bats
  3 giant cockroaches
  11 goblins
  7 hobgoblins
  20 jackals
  3 quokkas
  6 frilled lizards
  17 kobolds
  A quokka skeleton (D:7)
  9 rats
383 creatures vanquished.

Vanquished Creatures (collateral kills)
  3 blink frogs (Lair:4)
3 creatures vanquished.

Vanquished Creatures (others)
  3 butterflies (Lair:4)
  7 fungi
  5 plants
15 creatures vanquished.

Grand Total: 401 creatures vanquished

Notes
Turn   | Place    | Note
-------+----------+-------------------------------------------
     0 | D:1      | Flugkiller the Octopode Assassin began the quest for the
                  | Orb.
     0 | D:1      | Reached XP level 1. HP: 14/14 MP: 1/1
    50 | D:1      | Reached XP level 2. HP: 11/20 MP: 2/2
   644 | D:1      | Reached XP level 3. HP: 23/25 MP: 3/3
   854 | D:1      | Reached skill level 3 in Fighting
  1417 | D:2      | Noticed a big kobold
  1420 | D:2      | Reached XP level 4. HP: 31/31 MP: 4/4
  1448 | D:2      | Killed a big kobold
  1448 | D:2      | Reached XP level 5. HP: 32/36 MP: 5/5
  2263 | D:3      | Found a runed translucent gate.
  2263 | D:3      | Found a runed translucent gate.
  2263 | D:3      | Found a runed translucent gate.
  2263 | D:3      | Noticed flestrin's ghost (amateur FoFi)
  2263 | D:3      | Noticed a big kobold
  2263 | D:3      | Identified the +6 short sword of the Vaults {pain, rC+}
  2379 | D:3      | Reached skill level 5 in Dodging
  2497 | D:3      | Reached XP level 6. HP: 32/42 MP: 6/6
  2757 | D:3      | Noticed Sigmund
  3431 | D:4      | Noticed Natasha
  3440 | D:4      | Killed Natasha
  3450 | D:4      | Noticed Natasha
  3455 | D:4      | Killed Natasha
  3458 | D:4      | Noticed an ice beast
  3500 | D:4      | Noticed a phantom
  3719 | D:4      | Reached skill level 12 in Fighting
  3719 | D:4      | Reached XP level 7. HP: 63/63 MP: 7/7
  3731 | D:4      | Noticed Natasha
  3745 | D:4      | Killed Natasha
  3884 | D:4      | Reached XP level 8. HP: 66/70 MP: 8/8
  4402 | D:5      | Entered Level 5 of the Dungeon
  5089 | D:5      | Found a shadowy altar of Dithmenos.
  5141 | D:5      | Found a staircase to the Ecumenical Temple.
  5154 | Temple   | Entered the Ecumenical Temple
  5587 | Temple   | Became a worshipper of Makhleb the Destroyer
  5659 | D:6      | Noticed Duvessa
  5659 | D:6      | Noticed Dowan
  6030 | D:6      | Killed Duvessa
  6286 | D:6      | Noticed Pikel
  6296 | D:6      | Killed Dowan
  6296 | D:6      | Reached XP level 9. HP: 25/74 MP: 9/9
  6683 | D:5      | Reached skill level 1 in Evocations
  6848 | D:6      | Noticed Grinder
  6852 | D:6      | Killed Grinder
  6915 | D:6      | Killed Pikel
  7441 | D:6      | Reached skill level 5 in Evocations
  7751 | D:6      | Reached * piety under Makhleb
  8102 | D:7      | Found a blossoming altar of Fedhas.
  8102 | D:7      | Found a sacrificial altar of Ru.
  8200 | D:7      | Noticed Joseph
  8215 | D:7      | Killed Joseph
  8215 | D:7      | Reached XP level 10. HP: 51/81 MP: 13/13
  8431 | D:7      | Reached skill level 1 in Invocations
  8684 | D:7      | Reached ** piety under Makhleb
  9181 | D:8      | Reached skill level 5 in Invocations
  9466 | D:8      | Reached skill level 1 in Shields
  9795 | D:9      | Found a glowing golden altar of the Shining One.
  9926 | D:9      | Noticed a death yak
  9928 | D:9      | Found a staircase to the Lair.
  9930 | D:9      | Noticed a death yak
  9960 | D:9      | Killed a death yak
 10031 | D:9      | Noticed a death yak
 10091 | D:8      | Killed a death yak
 10202 | D:9      | Found an opulent altar of Gozag.
 10202 | D:9      | Found Gozag's Platinum Reserve.
 10603 | D:9      | Killed a death yak
 10603 | D:9      | Reached skill level 5 in Shields
 10603 | D:9      | Reached XP level 11. HP: 46/86 MP: 14/14
 10932 | D:10     | Entered Level 10 of the Dungeon
 11284 | D:10     | Noticed Sonja
 11311 | D:10     | Killed Sonja
 12770 | D:10     | Reached skill level 1 in Unarmed Combat
 13276 | D:11     | Found a burning altar of Makhleb.
 13685 | D:11     | Reached *** piety under Makhleb
 14185 | Lair:1   | Entered Level 1 of the Lair of Beasts
 14836 | Lair:1   | Reached skill level 5 in Unarmed Combat
 14842 | Lair:1   | Reached XP level 12. HP: 92/92 MP: 15/15
 16274 | Lair:2   | Found a staircase to the Snake Pit.
 17092 | Lair:2   | Noticed Fannar
 17104 | Lair:2   | Killed Fannar
 17241 | Lair:3   | Noticed a death yak
 17258 | Lair:3   | Killed a death yak
 17260 | Lair:3   | Noticed a death yak
 17361 | Lair:3   | Noticed a death yak
 17361 | Lair:3   | Noticed a death yak
 17399 | Lair:2   | Killed a death yak
 17537 | Lair:2   | Killed a death yak
 17545 | Lair:2   | Killed a death yak
 18490 | Lair:3   | Reached skill level 10 in Unarmed Combat
 18620 | Lair:3   | Reached **** piety under Makhleb
 19853 | Lair:3   | Got a fine long sword
 19922 | Lair:3   | Identified the +12 long sword of Junoygock {elec, rF+ SInv}
                  | (You found it on level 3 of the Lair of Beasts)
 20153 | Lair:4   | Reached XP level 13. HP: 98/98 MP: 16/16
 20244 | Lair:4   | Reached skill level 10 in Dodging
 21015 | Lair:4   | Reached ***** piety under Makhleb
 21383 | Lair:4   | Found a staircase to the Shoals.
 21594 | Lair:4   | Got a smoking quarterstaff
 22020 | Lair:5   | Slain by a catoblepas

Levels and vault maps discovered:
D:1:      mrwooster_arrival_statue, layout_loops_corners
D:2:      layout_basic, minmay_pentomino_x2
D:3:      layout_loops_ring, first_ration, gammafunk_ghost_nasty_kobolds,
          uniq_sigmund
D:4:      layout_loops_cross, uniq_natasha
D:5:      layout_loops_cross, minmay_temple_entry_offerings, minivault_11,
          grunt_dithmenos_smoke
D:6:      layout_cave_pools, chequers_serial_rivers_small_3,
          hangedman_decor_points, uniq_pikel, uniq_duvessa, uniq_grinder
D:7:      layout_basic, grunt_temple_overflow_open, grunt_livestock, uniq_joseph
D:8:      layout_basic
D:9:      layout_grid_maze, overflow_temple_1_default,
          nicolae_gozag_zags_fifth_avenue, dpeg_lair_monsters
D:10:     layout_long_grid, uniq_sonja
D:11:     layout_basic, basic_altar
Temple:   dpeg_five_rooms_temple
Lair:1:   layout_gridlike
Lair:2:   layout_regular_city, dummy_snake_entry, lemuel_fruit_fields,
          uniq_fannar
Lair:3:   layout_loops_ring, nicolae_quartered_pool_little, lemuel_fruit_tree
Lair:4:   layout_cave_pods, shoals_dummy_entry, hangedman_lair_unloving_vines,
          columned_hall_lemuel, lemuel_old_faithful, lemuel_fruit_fields
Lair:5:   layout_roguey, slime_altar_1, roderic_carrion_pond

Skill      XL: |  1  2  3  4  5  6  7  8  9 10 11 12 13 |
---------------+----------------------------------------+-----
Dodging        | 2 4 5 6 7 8 9 10 | 10.9
Fighting       | 3 12 | 12.4
Evocations     | 5 |  5.0
Invocations    | 5 |  5.0
Shields        | 5 9 |  9.0
Unarmed Combat | 5 10 11 | 11.6
Short Blades   | |  2.0
Throwing       | |  2.0
Stealth        | |  5.3

Action                   |  1- 3 |  4- 6 |  7- 9 | 10-12 | 13-15 || total
-------------------------+-------+-------+-------+-------+-------++-------
Melee: Dagger            |    77 |    82 |    11 |       |       ||   170
       Tentacles         |    13 |    16 |    57 |   191 |    40 ||   317
       Constrict         |    16 |    22 |    60 |    79 |    20 ||   197
       Short sword       |       |    28 |   278 |   764 |       ||  1070
       Punch             |       |       |       |    20 |    11 ||    31
       Long sword        |       |       |       |     5 |   148 ||   153
Throw: Dart              |       |       |       |    27 |       ||    27
Invok: Minor Destruction |       |       |       |     9 |     1 ||    10
       Lesser Servant of |       |       |       |       |     1 ||     1
Evoke: Wand              |       |       |       |     4 |       ||     4
  Use: Scroll            |       |     5 |     5 |    17 |     2 ||    29
       Potion            |       |     1 |       |     5 |     2 ||     8
 Stab: Sleeping          |    17 |    17 |     7 |    18 |     3 ||    62
       Distracted        |       |     1 |       |       |       ||     1
  Eat: Chunk             |     2 |     7 |    11 |    21 |     6 ||    47
       Ration            |       |       |     1 |     5 |       ||     6
Armor: Skin              |     3 |     5 |    29 |    44 |    12 ||    93
Dodge: Dodged            |    32 |    57 |   209 |   358 |   142 ||   798
Block: Shield            |       |       |       |   297 |   115 ||   412
       Rpst.: Long sword |       |       |       |     1 |    44 ||    45

Table legend:
 A = Non-vault XP
 B = Vault XP
 C = Vault XP percentage of total XP
 D = Non-vault monster count
 E = Vault monster count
 F = Vault count percentage of total count
                 A         B        C        D         E       F
            +---------+---------+-------+---------+---------+-------
      Total |   35272 |    7161 |  16.9 |     359 |      23 |   6.0
            +---------+---------+-------+---------+---------+-------
        D:1 |      56 |       0 |   0.0 |      29 |       0 |   0.0
        D:2 |     202 |       4 |   1.9 |      31 |       2 |   6.1
        D:3 |     180 |       0 |   0.0 |      28 |       0 |   0.0
        D:4 |     675 |      35 |   4.9 |      16 |       1 |   5.9
        D:5 |     636 |       0 |   0.0 |      25 |       0 |   0.0
        D:6 |     748 |    1156 |  60.7 |      31 |       4 |  11.4
        D:7 |     618 |    1433 |  69.9 |      19 |       6 |  24.0
        D:8 |     536 |     886 |  62.3 |      16 |       2 |  11.1
        D:9 |     772 |    1816 |  70.2 |       8 |       6 |  42.9
       D:10 |    3973 |     782 |  16.4 |      29 |       1 |   3.3
       D:11 |     870 |       0 |   0.0 |       8 |       0 |   0.0
     Lair:1 |    3243 |       0 |   0.0 |      18 |       0 |   0.0
     Lair:2 |    7399 |    1049 |  12.4 |      24 |       1 |   4.0
     Lair:3 |    4546 |       0 |   0.0 |      19 |       0 |   0.0
     Lair:4 |    9455 |       0 |   0.0 |      49 |       0 |   0.0
     Lair:5 |    1363 |       0 |   0.0 |       9 |       0 |   0.0
            +---------+---------+-------+---------+---------+-------
